 Dungeon Crawl Stone Soup version 0.25-a0-842-g81a31cf (webtiles) character file.

Game seed: 9613328671875153817, levelgen mode: deterministic

273 Illumine the Chopper (level 6, -4/53 HPs)
             Began as a Minotaur Fighter on Apr 24, 2020.
             Slain by an ogre
             ... wielding a +0 giant spiked club
              (21 damage)
             ... on level 4 of the Dungeon.
             The game lasted 00:03:29 (3237 turns).

Illumine the Chopper (Minotaur Fighter)             Turns: 3237, Time: 00:03:30

Health: -4/53      AC:  8    Str: 23    XL:     6   Next: 3%
Magic:  5/5        EV:  7    Int:  5    God:
Gold:   124        SH: 10    Dex:  9    Spells: 5/5 levels left

rFire    . . .     SeeInvis .   a - +0 war axe
rCold    . . .     Gourm    .   c - +0 kite shield
rNeg     . . .     Faith    .   b - +0 scale mail
rPois    .         Spirit   .   (helmet restricted)
rElec    .         Reflect  .   u - +0 cloak
rCorr    .         Harm     .   (no gloves)
MR       .....                  (no boots)
Stlth    ..........             (no amulet)
HPRegen  0.17/turn              (no ring)
MPRegen  0.09/turn              (no ring)

@: no status effects
A: retaliatory headbutt, horns 2
a: no special abilities


You were on level 4 of the Dungeon.
You were not hungry.

You visited 1 branch of the dungeon, and saw 4 of its levels.

You collected 124 gold pieces.

Inventory:

Hand Weapons
 a - a +0 war axe (weapon)
 i - a +0 hunting sling
Armour
 b - a +0 scale mail (worn)
 c - a +0 kite shield (worn)
 u - a +0 cloak (worn)
Jewellery
 g - an uncursed ring of fire {unknown}
 j - an uncursed ring of positive energy {unknown}
Scrolls
 h - 6 scrolls of identify {unknown}
 m - 2 scrolls of remove curse {unknown}
 n - 2 scrolls of magic mapping {unknown}
 o - a scroll of random uselessness {unknown}
 p - 3 scrolls of teleportation {unknown}
 q - a scroll of immolation {unknown}
Potions
 d - a potion of might
 e - a potion of resistance {unknown}
 k - 3 potions of curing {unknown}
 l - a potion of degeneration {unknown}
 r - a potion of brilliance {unknown}
 s - a potion of berserk rage {unknown}
 t - a potion of heal wounds {unknown}
Comestibles
 f - 5 rations


   Skills:
 + Level 4.7 Fighting
 * Level 5.1 Axes
 + Level 4.9 Armour
 + Level 4.9 Shields


You had 5 spell levels left.
You didn't know any spells.
Your spell library was empty.

Dungeon Overview and Level Annotations

Branches:
Dungeon (4/15)
 Temple: D:4-7

Altars:
Cheibriados
Nemelex Xobeh


Innate Abilities, Weirdness & Mutations

You reflexively headbutt those who attack you in melee.
You have a pair of horns on your head.


Message History

You closely miss the orc. You block the orc's attack.
You hit the ogre.
The ogre is lightly wounded.
Your shield and scale mail prevent you from hitting the orc.
The ogre hits you with a +0 giant spiked club!!
Ouch! That really hurt!
You hear an angry hiss.
You hit the orc.
The orc is almost dead.
You completely miss the orc. You closely miss the orc. You slash the ogre!
You hear an angry hiss.
The orc hits you but does no damage. You block the orc's attack.
The orc hits you with a +0 club. You block the ogre's attack.
Unknown command.
You hit the ogre. Your headbutt misses the ogre.
The ogre is heavily wounded.
You closely miss the orc. x2; You hit the orc.
You block the orc's attack. The orc hits you with a +0 war axe.
The orc hits you but does no damage.
The ogre hits you with a +0 giant spiked club!!
You die...

#.≈ #.≈ #≈≈
# ##≈≈
#.#≈≈.####
#.≈≈≈....#
#≈...<.#
##.....#
#.†o@.#
#..Ooo..%...
#.......###.
.......##.#
..#......#
.#
..........#
.
.##.......#
#.......#


You could see an ogre and 3 orcs.

Vanquished Creatures
  A hound (D:4)
  Crazy Yiuf (D:3)
  An orc priest (D:3)
  4 gnolls (D:3)
  2 adders (D:2)
  2 oozes
  An adder skeleton (D:4)
  3 worms (D:2)
  3 dart slugs
  2 leopard geckos
  4 orcs (D:3)
  10 bats
  2 giant cockroaches (D:1)
  8 goblins
  18 hobgoblins
  6 jackals (D:1)
  2 quokkas
  A ball python (D:1)
  5 frilled lizards
  11 kobolds
  5 rats
92 creatures vanquished.

Notes
Turn   | Place    | Note
-------+----------+-------------------------------------------
     0 | D:1      | Illumine the Minotaur Fighter began the quest for the Orb.
     0 | D:1      | Reached XP level 1. HP: 19/19 MP: 0/0
    89 | D:1      | Reached XP level 2. HP: 27/27 MP: 1/1
   241 | D:1      | Reached skill level 3 in Axes
   352 | D:1      | Reached XP level 3. HP: 21/33 MP: 2/2
  1143 | D:2      | Reached XP level 4. HP: 37/40 MP: 3/3
  1835 | D:2      | Found a sparkling altar of Nemelex Xobeh.
  2008 | D:3      | Reached skill level 4 in Axes
  2047 | D:3      | Reached XP level 5. HP: 5/47 MP: 4/4
  2756 | D:3      | Found a runed translucent door.
  2757 | D:3      | Noticed Crazy Yiuf
  2872 | D:3      | Killed Crazy Yiuf
  3066 | D:3      | Found a snail-covered altar of Cheibriados.
  3229 | D:4      | Noticed an ogre
  3231 | D:4      | Reached skill level 5 in Axes
  3231 | D:4      | Reached XP level 6. HP: 53/53 MP: 5/5
  3237 | D:4      | Slain by an ogre

Levels and vault maps discovered:
D:1:      moated_graveyard_arrival, layout_basic, minmay_tree_intersection
D:2:      layout_basic, nemelex_altar_shiori
D:3:      layout_rooms, kennysheep_slug_shrine, kennysheep_cross_room,
          uniq_crazy_yiuf_cottage
D:4:      layout_rooms, makhleb_altar_promises_db, lemuel_doored_altar,
          minmay_temple_entry_trees, ebering_ghost_sewer_d, first_ration,
          chequers_serial_rivers_small_a

Skill      XL: |  1  2  3  4  5 |
---------------+----------------+-----
Axes           | 3 4 5 |  5.1
Shields        | 4 |  4.9
Fighting       | 4 |  4.7
Armour         | 4 |  4.9

Action                   |  1- 3 |  4- 6 || total
-------------------------+-------+-------++-------
Melee: War axe           |   110 |    97 ||   207
       Headbutt          |    11 |    22 ||    33
  Use: Potion            |       |     1 ||     1
  Eat: Chunk             |     1 |     4 ||     5
       Ration            |       |     1 ||     1
Armor: Scale mail        |    69 |    35 ||   104
Dodge: Dodged            |    47 |    28 ||    75
Block: Kite shield       |    87 |    57 ||   144

Table legend:
 A = Non-vault XP
 B = Vault XP
 C = Vault XP percentage of total XP
 D = Non-vault monster count
 E = Vault monster count
 F = Vault count percentage of total count
                 A         B        C        D         E       F
            +---------+---------+-------+---------+---------+-------
      Total |     346 |      45 |  11.5 |      90 |       2 |   2.2
            +---------+---------+-------+---------+---------+-------
        D:1 |      70 |       0 |   0.0 |      36 |       0 |   0.0
        D:2 |      69 |       0 |   0.0 |      20 |       0 |   0.0
        D:3 |     154 |      45 |  22.6 |      31 |       2 |   6.1
        D:4 |      53 |       0 |   0.0 |       3 |       0 |   0.0
            +---------+---------+-------+---------+---------+-------
